[ AOE2 MATCH · #482747987 ]
UnrankedJurchens vs Turks
[ REPLAY ANALYSIS · EXTRACTED FROM THE RECORDED GAME ]
Feudal
12:10
Castle
19:53
Imperial
32:26
| APM avg | 31.1 |
| APM peak | 64 |
| eAPM avg | 21.9 |
| Villagers / military | 163 / 34 |
Focus
⚔️ 18.4% · 🌾 81.6%
Cavalry Archer ×20 · Fishing Ship ×13 · Iron Pagoda ×9 · Monk ×2 · Demolition Raft ×2 · Scout Cavalry ×1
Feudal
14:03
Castle
17:46
Imperial
23:38
| APM avg | 43.9 |
| APM peak | 83 |
| eAPM avg | 21.2 |
| Villagers / military | 54 / 138 |
Focus
⚔️ 19.9% · 🌾 80.1%
Hand Cannoneer ×130 · Fishing Ship ×23 · Bombard Cannon ×7 · Monk ×1
Feudal
15:21
Castle
21:25
Imperial
—
| APM avg | 13.2 |
| APM peak | 36 |
| eAPM avg | 11.1 |
| Villagers / military | 100 / 47 |
Focus
⚔️ 23.1% · 🌾 76.9%
Eagle Scout ×28 · Spearman ×11 · Jaguar Warrior ×8
Feudal
11:35
Castle
21:00
Imperial
—
| APM avg | 10.6 |
| APM peak | 36 |
| eAPM avg | 8.4 |
| Villagers / military | 44 / 62 |
Focus
⚔️ 24.5% · 🌾 75.5%
Spearman ×52 · Trade Cart ×17 · Urumi Swordsman ×9 · Monk ×1
Feudal
—
Castle
—
Imperial
—
| APM avg | 3.0 |
| APM peak | 32 |
| eAPM avg | 2.3 |
| Villagers / military | 35 / 0 |
Focus
⚔️ 5.1% · 🌾 94.9%
Feudal
12:49
Castle
16:21
Imperial
29:01
| APM avg | 41.6 |
| APM peak | 77 |
| eAPM avg | 25.8 |
| Villagers / military | 152 / 153 |
Focus
⚔️ 21.8% · 🌾 78.2%
Knight ×150 · Fishing Ship ×18 · Mangonel ×2 · Monk ×1
Feudal
—
Castle
—
Imperial
—
| APM avg | 7.6 |
| APM peak | 23 |
| eAPM avg | 5.7 |
| Villagers / military | 51 / 21 |
Focus
⚔️ 16.6% · 🌾 83.4%
Skirmisher ×9 · Cavalry Archer ×9 · Monk ×3
Feudal
14:12
Castle
18:29
Imperial
30:03
| APM avg | 21.3 |
| APM peak | 59 |
| eAPM avg | 11.5 |
| Villagers / military | 93 / 46 |
Focus
⚔️ 14.2% · 🌾 85.8%
Hand Cannoneer ×28 · Janissary ×15 · Monk ×3 · Fishing Ship ×3
Match map
Initial resources + every placement click. Lines = walls · curves = elevation contours. ◆ gold · ⬟ stone · ● berries · ✦ relic · ◌ wall gap
Your base· ✓ Closed at 19:53 · 0t walls · no gate
AlexanderGr8's base· ✓ Closed at 17:46 · 26t walls · no gate
ashdrewy's base· ✓ Closed at 21:25 · 46t walls · 2 gate(s)
WalterPFC's base· ✓ Closed at 21:00 · 17t walls · no gate
Bedgie69's base· ✓ Closed at 12:00 · 11t walls · no gate
Lucca's base· ✓ Closed at 16:21 · 13t walls · no gate
SoapyVeil6666's base· ✓ Closed at 17:53 · 30t walls · no gate
Ethan's base· ✓ Closed at 18:29 · 11t walls · no gate
Smoothed initial terrain · ◌ = detected wall gap · hover for details
Inputs per minute
— Ts1ns1n - - AlexanderGr8
Build order — Ts1ns1n
First 150 of 368 actions detected
| 0:02 | Build | House |
| 0:04 | Build | House |
| 0:05 | Create | Villager (Male) |
| 0:05 | Create | Villager (Male) |
| 0:05 | Create | Villager (Male) |
| 0:36 | Create | Villager (Male) |
| 1:30 | Create | Villager (Male) |
| 1:43 | Create | Villager (Male) |
| 1:43 | Create | Villager (Male) |
| 2:12 | Build | Lumber Camp |
| 2:41 | Create | Villager (Male) |
| 2:41 | Create | Villager (Male) |
| 3:11 | Create | Villager (Male) |
| 3:11 | Create | Villager (Male) |
| 3:39 | Build | House |
| 3:50 | Create | Villager (Male) |
| 3:51 | Create | Villager (Male) |
| 4:32 | Create | Villager (Male) |
| 4:32 | Create | Villager (Male) |
| 4:39 | Create | Villager (Male) |
| 4:39 | Create | Villager (Male) |
| 5:47 | Create | Villager (Male) |
| 5:47 | Create | Villager (Male) |
| 5:52 | Build | Dock |
| 5:58 | Create | Villager (Male) |
| 5:59 | Create | Villager (Male) |
| 6:11 | Build | House |
| 6:37 | Create | Villager (Male) |
| 7:01 | Create | Villager (Male) |
| 7:09 | Create | Fishing Ship |
| 7:09 | Create | Fishing Ship |
| 7:40 | Create | Villager (Male) |
| 7:41 | Create | Villager (Male) |
| 7:43 | Create | Villager (Male) |
| 7:43 | Create | Villager (Male) |
| 7:50 | Build | House |
| 8:08 | Build | Mining Camp |
| 8:26 | Build | House |
| 9:12 | Build | Mining Camp |
| 9:31 | Research | Loom |
| 9:31 | Research | Loom |
| 10:00 | Research | Feudal Age |
| 10:00 | Research | Feudal Age |
| 10:09 | Create | Fishing Ship |
| 10:10 | Create | Fishing Ship |
| 10:36 | Build | House |
| 10:39 | Build | House |
| 11:25 | Create | Fishing Ship |
| 11:26 | Create | Fishing Ship |
| 11:49 | Create | Villager (Male) |
| 11:49 | Create | Villager (Male) |
| 12:10 | Age | Feudal Age |
| 12:17 | Build | Blacksmith |
| 12:59 | Build | Fish Trap |
| 13:01 | Build | Fish Trap |
| 13:05 | Build | Fish Trap |
| 13:09 | Build | Fish Trap |
| 13:11 | Research | Double-Bit Axe |
| 13:44 | Build | Fish Trap |
| 13:51 | Build | Fish Trap |
| 13:52 | Create | Villager (Male) |
| 13:52 | Create | Villager (Male) |
| 14:25 | Build | Barracks |
| 14:32 | Create | Fishing Ship |
| 14:32 | Create | Fishing Ship |
| 14:50 | Build | Mill |
| 15:20 | Build | Fish Trap |
| 15:35 | Create | Villager (Male) |
| 15:35 | Create | Villager (Male) |
| 15:35 | Create | Villager (Male) |
| 15:59 | Build | Fish Trap |
| 16:05 | Create | Fishing Ship |
| 16:05 | Create | Fishing Ship |
| 16:18 | Build | Archery Range |
| 16:52 | Build | Fish Trap |
| 17:13 | Research | Castle Age |
| 17:19 | Build | House |
| 17:22 | Build | House |
| 17:25 | Create | Villager (Male) |
| 17:25 | Create | Villager (Male) |
| 18:00 | Build | Fish Trap |
| 18:04 | Create | Demolition Raft |
| 18:05 | Create | Demolition Raft |
| 18:08 | Create | Fishing Ship |
| 18:08 | Create | Fishing Ship |
| 18:29 | Create | Fishing Ship |
| 18:30 | Research | Tech 906 |
| 18:35 | Build | House |
| 18:36 | Build | House |
| 18:37 | Build | House |
| 18:59 | Build | Fish Trap |
| 19:21 | Create | Villager (Male) |
| 19:22 | Create | Villager (Male) |
| 19:22 | Create | Villager (Male) |
| 19:22 | Create | Villager (Male) |
| 19:38 | Build | Fish Trap |
| 19:53 | Age | Castle Age |
| 19:56 | Build | Town Center |
| 20:07 | Build | House |
| 20:10 | Research | Bow Saw |
| 20:10 | Research | Bow Saw |
| 20:15 | Build | Town Center |
| 20:34 | Build | Town Center |
| 20:50 | Create | Villager (Male) |
| 21:00 | Build | House |
| 21:01 | Build | House |
| 21:03 | Build | House |
| 21:07 | Build | Fish Trap |
| 21:12 | Create | Villager (Male) |
| 21:12 | Create | Villager (Male) |
| 21:13 | Create | Villager (Male) |
| 21:13 | Create | Villager (Male) |
| 21:14 | Create | Villager (Male) |
| 21:14 | Create | Villager (Male) |
| 21:30 | Research | Gillnets |
| 21:39 | Build | Farm |
| 21:39 | Build | Farm |
| 21:39 | Build | Farm |
| 21:46 | Create | Villager (Male) |
| 21:46 | Create | Villager (Male) |
| 21:47 | Create | Villager (Male) |
| 21:47 | Create | Villager (Male) |
| 22:03 | Create | Villager (Male) |
| 22:03 | Create | Villager (Male) |
| 22:04 | Create | Villager (Male) |
| 22:13 | Build | Farm |
| 22:13 | Build | Farm |
| 22:29 | Create | Villager (Male) |
| 22:29 | Create | Villager (Male) |
| 22:42 | Build | Monastery |
| 22:47 | Build | University |
| 22:49 | Create | Villager (Male) |
| 22:50 | Create | Villager (Male) |
| 22:50 | Create | Villager (Male) |
| 22:50 | Create | Villager (Male) |
| 22:56 | Build | House |
| 22:57 | Build | House |
| 22:58 | Build | House |
| 23:01 | Create | Villager (Male) |
| 23:02 | Create | Villager (Male) |
| 23:02 | Create | Villager (Male) |
| 23:03 | Create | Villager (Male) |
| 23:17 | Build | Farm |
| 23:23 | Create | Villager (Male) |
| 23:23 | Create | Villager (Male) |
| 23:23 | Create | Villager (Male) |
| 23:24 | Create | Villager (Male) |
| 23:36 | Build | Farm |
| 23:36 | Build | Farm |
| 23:36 | Build | Farm |
Build order — AlexanderGr8
First 150 of 230 actions detected
| 0:01 | Create | Villager (Male) |
| 0:01 | Create | Villager (Male) |
| 0:01 | Create | Villager (Male) |
| 0:02 | Build | House |
| 0:03 | Build | House |
| 0:19 | Research | Loom |
| 0:28 | Create | Villager (Male) |
| 0:28 | Create | Villager (Male) |
| 0:37 | Create | Villager (Male) |
| 1:51 | Build | House |
| 2:05 | Create | Villager (Male) |
| 2:19 | Create | Villager (Male) |
| 2:19 | Create | Villager (Male) |
| 3:25 | Create | Villager (Male) |
| 3:25 | Create | Villager (Male) |
| 3:25 | Create | Villager (Male) |
| 3:50 | Build | Palisade Wall |
| 3:55 | Create | Villager (Male) |
| 3:55 | Create | Villager (Male) |
| 3:59 | Build | Lumber Camp |
| 4:14 | Build | Palisade Wall |
| 4:21 | Create | Villager (Male) |
| 4:34 | Create | Villager (Male) |
| 5:07 | Build | House |
| 6:04 | Create | Villager (Male) |
| 6:05 | Create | Villager (Male) |
| 6:05 | Create | Villager (Male) |
| 6:15 | Create | Villager (Male) |
| 6:15 | Create | Villager (Male) |
| 6:23 | Build | Lumber Camp |
| 6:29 | Build | House |
| 6:39 | Build | House |
| 6:54 | Build | Palisade Wall |
| 6:56 | Build | Palisade Wall |
| 6:57 | Build | Palisade Wall |
| 7:11 | Create | Villager (Male) |
| 7:19 | Create | Villager (Male) |
| 7:19 | Create | Villager (Male) |
| 7:28 | Build | Palisade Wall |
| 7:40 | Create | Villager (Male) |
| 8:06 | Build | Dock |
| 8:38 | Build | House |
| 8:43 | Create | Villager (Male) |
| 8:43 | Create | Villager (Male) |
| 8:48 | Create | Fishing Ship |
| 8:59 | Create | Villager (Male) |
| 8:59 | Create | Villager (Male) |
| 9:14 | Create | Fishing Ship |
| 9:20 | Build | Mill |
| 9:37 | Create | Fishing Ship |
| 9:38 | Create | Fishing Ship |
| 10:10 | Create | Fishing Ship |
| 10:45 | Create | Villager (Male) |
| 10:57 | Create | Fishing Ship |
| 10:57 | Create | Fishing Ship |
| 11:15 | Build | Mining Camp |
| 11:53 | Research | Feudal Age |
| 13:08 | Create | Fishing Ship |
| 13:08 | Create | Fishing Ship |
| 14:03 | Age | Feudal Age |
| 14:08 | Build | Market |
| 14:10 | Build | Blacksmith |
| 14:16 | Create | Villager (Male) |
| 14:16 | Create | Villager (Male) |
| 14:22 | Build | Fish Trap |
| 14:25 | Build | Fish Trap |
| 14:29 | Build | Fish Trap |
| 14:34 | Build | Fish Trap |
| 14:39 | Build | House |
| 14:40 | Build | House |
| 14:42 | Build | House |
| 15:00 | Research | Castle Age |
| 15:00 | Research | Castle Age |
| 15:26 | Research | Double-Bit Axe |
| 15:50 | Create | Fishing Ship |
| 15:58 | Research | Tech 906 |
| 15:58 | Research | Tech 906 |
| 16:04 | Build | Fish Trap |
| 16:17 | Build | Fish Trap |
| 16:47 | Build | Fish Trap |
| 16:50 | Create | Fishing Ship |
| 17:39 | Create | Villager (Male) |
| 17:40 | Create | Villager (Male) |
| 17:41 | Create | Villager (Male) |
| 17:46 | Age | Castle Age |
| 17:47 | Build | Siege Workshop |
| 17:53 | Build | Monastery |
| 18:55 | Build | Fish Trap |
| 18:59 | Build | Fish Trap |
| 19:03 | Build | Fish Trap |
| 19:07 | Build | Barracks |
| 19:11 | Create | Villager (Male) |
| 19:11 | Create | Villager (Male) |
| 20:07 | Create | Fishing Ship |
| 20:08 | Create | Fishing Ship |
| 20:12 | Build | Archery Range |
| 20:13 | Build | Archery Range |
| 20:13 | Build | Archery Range |
| 20:28 | Research | Imperial Age |
| 20:29 | Research | Imperial Age |
| 20:42 | Build | Dock |
| 20:56 | Build | Dock |
| 21:03 | Build | Fish Trap |
| 21:20 | Research | Gold Mining |
| 21:35 | Build | House |
| 21:36 | Build | House |
| 21:46 | Build | Fish Trap |
| 21:49 | Create | Fishing Ship |
| 21:49 | Create | Fishing Ship |
| 21:57 | Create | Fishing Ship |
| 21:57 | Create | Fishing Ship |
| 22:04 | Build | Archery Range |
| 22:18 | Create | Monk |
| 22:34 | Build | Fish Trap |
| 22:38 | Build | Fish Trap |
| 22:40 | Build | House |
| 22:41 | Build | House |
| 22:48 | Build | House |
| 22:48 | Build | House |
| 23:08 | Build | House |
| 23:09 | Build | House |
| 23:18 | Build | Fish Trap |
| 23:25 | Build | Fish Trap |
| 23:35 | Create | Fishing Ship |
| 23:35 | Create | Fishing Ship |
| 23:38 | Age | Imperial Age |
| 23:42 | Create | Bombard Cannon |
| 23:45 | Create | Hand Cannoneer ×5 |
| 23:48 | Research | Padded Archer Armor |
| 24:10 | Build | House |
| 24:11 | Build | House |
| 24:19 | Build | House |
| 24:24 | Create | Bombard Cannon |
| 24:25 | Create | Bombard Cannon |
| 24:29 | Build | Fish Trap |
| 24:33 | Create | Villager (Male) |
| 24:33 | Create | Villager (Male) |
| 24:33 | Create | Villager (Male) |
| 24:49 | Create | Hand Cannoneer |
| 24:50 | Create | Hand Cannoneer |
| 24:50 | Create | Hand Cannoneer |
| 24:52 | Create | Hand Cannoneer |
| 24:52 | Create | Hand Cannoneer |
| 24:59 | Create | Bombard Cannon |
| 25:12 | Build | Fish Trap |
| 25:14 | Build | House |
| 25:21 | Build | House |
| 25:28 | Create | Hand Cannoneer ×5 |
| 26:04 | Create | Bombard Cannon |
| 26:16 | Create | Hand Cannoneer |
Build order — ashdrewy
First 150 of 258 actions detected
| 0:03 | Build | House |
| 0:06 | Create | Villager (Male) |
| 0:07 | Create | Villager (Male) |
| 0:07 | Create | Villager (Male) |
| 0:07 | Create | Villager (Male) |
| 0:07 | Create | Villager (Male) |
| 0:37 | Build | House |
| 0:38 | Build | House |
| 0:40 | Build | House |
| 1:09 | Research | Loom |
| 1:54 | Create | Villager (Male) |
| 1:54 | Create | Villager (Male) |
| 1:54 | Create | Villager (Male) |
| 2:27 | Create | Villager (Male) |
| 2:27 | Create | Villager (Male) |
| 2:27 | Create | Villager (Male) |
| 2:28 | Create | Villager (Male) |
| 3:10 | Create | Villager (Male) |
| 3:33 | Create | Villager (Male) |
| 3:34 | Create | Villager (Male) |
| 3:34 | Create | Villager (Male) |
| 4:11 | Create | Villager (Male) |
| 4:11 | Create | Villager (Male) |
| 4:11 | Create | Villager (Male) |
| 4:48 | Create | Villager (Male) |
| 4:49 | Create | Villager (Male) |
| 4:49 | Create | Villager (Male) |
| 4:49 | Create | Villager (Male) |
| 5:11 | Build | Palisade Wall |
| 6:00 | Build | Palisade Wall |
| 6:06 | Create | Villager (Male) |
| 6:07 | Create | Villager (Male) |
| 6:07 | Create | Villager (Male) |
| 6:07 | Create | Villager (Male) |
| 6:07 | Create | Villager (Male) |
| 7:17 | Build | Lumber Camp |
| 7:40 | Create | Villager (Male) |
| 7:40 | Create | Villager (Male) |
| 7:41 | Create | Villager (Male) |
| 7:41 | Create | Villager (Male) |
| 8:07 | Build | Mill |
| 8:40 | Build | House |
| 8:41 | Build | House |
| 8:43 | Build | House |
| 8:45 | Build | House |
| 8:51 | Create | Villager (Male) |
| 8:51 | Create | Villager (Male) |
| 8:51 | Create | Villager (Male) |
| 9:17 | Create | Villager (Male) |
| 9:17 | Create | Villager (Male) |
| 9:22 | Build | Mining Camp |
| 9:28 | Build | Lumber Camp |
| 9:36 | Create | Villager (Male) |
| 10:12 | Build | Mill |
| 10:46 | Build | Outpost |
| 10:56 | Build | Outpost |
| 11:11 | Build | Mining Camp |
| 11:16 | Create | Villager (Male) |
| 11:16 | Create | Villager (Male) |
| 13:11 | Research | Feudal Age |
| 13:15 | Build | Farm |
| 13:16 | Build | Farm |
| 13:17 | Build | Farm |
| 13:21 | Build | Farm |
| 13:26 | Build | Farm |
| 14:18 | Build | Farm |
| 14:19 | Build | Farm |
| 14:22 | Build | Farm |
| 14:24 | Build | Farm |
| 14:44 | Create | Villager (Male) |
| 14:45 | Create | Villager (Male) |
| 14:45 | Create | Villager (Male) |
| 14:55 | Build | Farm |
| 15:21 | Age | Feudal Age |
| 15:24 | Build | Market |
| 15:35 | Build | Stone Wall |
| 15:38 | Build | Gate |
| 15:42 | Build | Outpost |
| 15:56 | Build | Farm |
| 16:05 | Research | Town Watch |
| 16:12 | Build | Stone Wall |
| 16:17 | Build | Gate |
| 16:26 | Create | Villager (Male) |
| 16:52 | Build | House |
| 16:53 | Build | House |
| 16:54 | Build | House |
| 17:30 | Create | Villager (Male) |
| 17:30 | Create | Villager (Male) |
| 17:30 | Create | Villager (Male) |
| 17:49 | Build | Blacksmith |
| 18:28 | Build | Stone Wall |
| 18:37 | Research | Castle Age |
| 18:46 | Build | House |
| 18:48 | Build | House |
| 18:49 | Build | House |
| 18:50 | Build | House |
| 18:53 | Build | House |
| 18:54 | Build | House |
| 18:57 | Build | House |
| 19:09 | Research | Horse Collar |
| 19:14 | Research | Double-Bit Axe |
| 20:20 | Build | Outpost |
| 20:57 | Create | Villager (Male) |
| 20:57 | Create | Villager (Male) |
| 20:57 | Create | Villager (Male) |
| 21:25 | Age | Castle Age |
| 21:29 | Build | Town Center |
| 21:35 | Build | Town Center |
| 21:54 | Build | House |
| 21:54 | Build | House |
| 21:55 | Build | House |
| 21:55 | Build | House |
| 21:56 | Build | House |
| 21:56 | Build | House |
| 21:56 | Build | House |
| 21:57 | Build | House |
| 21:57 | Build | House |
| 21:57 | Build | House |
| 21:58 | Build | House |
| 21:58 | Build | House |
| 21:58 | Build | House |
| 21:59 | Build | House |
| 21:59 | Build | House |
| 22:00 | Build | House |
| 22:17 | Create | Villager (Male) |
| 22:17 | Create | Villager (Male) |
| 22:17 | Create | Villager (Male) |
| 22:23 | Create | Villager (Male) |
| 22:23 | Create | Villager (Male) |
| 22:58 | Create | Villager (Male) |
| 22:58 | Create | Villager (Male) |
| 22:59 | Create | Villager (Male) |
| 22:59 | Create | Villager (Male) |
| 22:59 | Create | Villager (Male) |
| 22:59 | Create | Villager (Male) |
| 23:17 | Create | Villager (Male) |
| 23:17 | Create | Villager (Male) |
| 23:30 | Create | Villager (Male) |
| 23:31 | Create | Villager (Male) |
| 23:37 | Build | Town Center |
| 23:59 | Create | Villager (Male) |
| 23:59 | Create | Villager (Male) |
| 24:00 | Create | Villager (Male) |
| 24:00 | Create | Villager (Male) |
| 24:41 | Build | Castle |
| 24:50 | Build | Stone Wall |
| 24:54 | Build | Gate |
| 25:05 | Build | Stone Wall |
| 25:11 | Create | Villager (Male) |
| 25:11 | Create | Villager (Male) |
Build order — WalterPFC
141 actions detected in the replay
| 0:06 | Build | House |
| 0:09 | Build | House |
| 0:12 | Create | Villager (Male) |
| 0:12 | Create | Villager (Male) |
| 0:12 | Create | Villager (Male) |
| 0:12 | Create | Villager (Male) |
| 0:13 | Create | Villager (Male) |
| 1:45 | Create | Villager (Male) |
| 1:46 | Research | Loom |
| 2:30 | Create | Villager (Male) |
| 2:32 | Create | Villager (Male) |
| 2:55 | Create | Villager (Male) |
| 3:13 | Build | Palisade Wall |
| 3:42 | Create | Villager (Male) |
| 3:43 | Create | Villager (Male) |
| 4:46 | Create | Villager (Male) |
| 4:47 | Create | Villager (Male) |
| 4:48 | Create | Villager (Male) |
| 6:18 | Build | Palisade Wall |
| 6:40 | Build | Mill |
| 7:20 | Build | House |
| 8:33 | Build | Lumber Camp |
| 9:25 | Research | Feudal Age |
| 9:43 | Build | House |
| 11:35 | Age | Feudal Age |
| 11:42 | Research | Double-Bit Axe |
| 12:20 | Build | Mining Camp |
| 12:32 | Build | Market |
| 12:44 | Research | Wheelbarrow |
| 12:45 | Research | Town Watch |
| 12:51 | Research | Horse Collar |
| 13:18 | Create | Villager (Male) |
| 13:18 | Create | Villager (Male) |
| 13:18 | Create | Villager (Male) |
| 13:18 | Create | Villager (Male) |
| 14:16 | Build | Barracks |
| 14:37 | Build | Blacksmith |
| 18:20 | Research | Castle Age |
| 18:34 | Build | Mining Camp |
| 18:48 | Build | Farm |
| 18:50 | Build | Farm |
| 18:51 | Build | Farm |
| 18:54 | Build | Farm |
| 18:55 | Build | Farm |
| 18:57 | Build | Farm |
| 19:12 | Research | Gold Mining |
| 19:13 | Research | Stone Mining |
| 19:25 | Create | Trade Cart ×2 |
| 21:00 | Age | Castle Age |
| 21:05 | Build | House |
| 21:07 | Build | House |
| 21:15 | Research | Bow Saw |
| 21:25 | Build | Town Center |
| 21:37 | Create | Villager (Male) |
| 21:38 | Create | Villager (Male) |
| 22:07 | Create | Villager (Male) |
| 22:31 | Create | Villager (Male) |
| 22:47 | Research | Squires |
| 23:13 | Build | Farm |
| 23:14 | Build | Farm |
| 23:15 | Build | Farm |
| 23:17 | Build | Farm |
| 23:36 | Create | Villager (Male) |
| 23:55 | Create | Spearman ×2 |
| 23:56 | Create | Spearman ×2 |
| 24:06 | Create | Villager (Male) |
| 24:18 | Build | Farm |
| 24:20 | Build | Farm |
| 24:37 | Create | Villager (Male) |
| 24:37 | Create | Villager (Male) |
| 25:05 | Create | Trade Cart |
| 25:05 | Create | Trade Cart |
| 25:16 | Create | Villager (Male) |
| 25:16 | Create | Villager (Male) |
| 25:23 | Create | Villager (Male) |
| 25:44 | Build | Farm |
| 25:46 | Build | Farm |
| 26:05 | Create | Villager (Male) |
| 26:08 | Create | Villager (Male) |
| 26:08 | Create | Villager (Male) |
| 26:30 | Build | House |
| 26:31 | Build | House |
| 26:33 | Build | House |
| 26:40 | Research | Heavy Plow |
| 26:48 | Create | Villager (Male) |
| 27:02 | Create | Villager (Male) |
| 27:20 | Research | Gambesons |
| 27:29 | Create | Villager (Male) |
| 27:29 | Create | Villager (Male) |
| 27:47 | Build | Castle |
| 27:54 | Research | Pikeman (upgrade) |
| 28:25 | Create | Villager (Male) |
| 28:25 | Create | Villager (Male) |
| 28:29 | Create | Villager (Male) |
| 28:29 | Create | Villager (Male) |
| 28:48 | Build | Mill |
| 29:02 | Create | Villager (Male) |
| 29:03 | Create | Villager (Male) |
| 29:05 | Create | Villager (Male) |
| 29:05 | Create | Villager (Male) |
| 29:18 | Create | Trade Cart ×5 |
| 29:19 | Create | Trade Cart ×5 |
| 29:19 | Create | Trade Cart ×3 |
| 29:30 | Create | Spearman ×3 |
| 29:30 | Create | Spearman ×3 |
| 29:31 | Create | Spearman |
| 29:31 | Create | Spearman |
| 30:15 | Build | Farm |
| 30:17 | Build | Farm |
| 30:32 | Build | House |
| 30:34 | Build | House |
| 30:37 | Build | House |
| 30:53 | Build | Monastery |
| 31:06 | Research | Caravan |
| 31:10 | Research | Forging |
| 31:11 | Research | Fletching |
| 31:12 | Research | Padded Archer Armor |
| 31:13 | Research | Scale Mail Armor |
| 31:51 | Create | Urumi Swordsman ×3 |
| 31:51 | Create | Urumi Swordsman ×3 |
| 31:52 | Create | Urumi Swordsman |
| 32:05 | Create | Monk |
| 32:13 | Create | Spearman ×5 |
| 32:14 | Create | Spearman ×5 |
| 32:14 | Create | Spearman ×2 |
| 32:40 | Create | Spearman ×4 |
| 32:40 | Create | Spearman ×4 |
| 32:40 | Create | Spearman |
| 32:41 | Create | Spearman |
| 33:26 | Create | Spearman ×5 |
| 33:26 | Create | Spearman ×5 |
| 33:26 | Create | Spearman |
| 33:50 | Create | Urumi Swordsman |
| 33:50 | Create | Urumi Swordsman |
| 35:12 | Create | Spearman |
| 35:12 | Create | Spearman |
| 35:12 | Create | Spearman |
| 36:36 | Create | Spearman |
| 36:36 | Create | Spearman |
| 36:36 | Create | Spearman |
| 36:36 | Create | Spearman |
Build order — Bedgie69
48 actions detected in the replay
| 0:08 | Build | House |
| 0:09 | Build | House |
| 0:10 | Build | House |
| 0:10 | Build | House |
| 0:11 | Build | House |
| 0:19 | Create | Villager (Male) |
| 0:19 | Create | Villager (Male) |
| 0:19 | Create | Villager (Male) |
| 0:20 | Create | Villager (Male) |
| 0:20 | Create | Villager (Male) |
| 0:58 | Research | Loom |
| 1:01 | Create | Villager (Male) |
| 1:01 | Create | Villager (Male) |
| 1:01 | Create | Villager (Male) |
| 2:11 | Build | Palisade Wall |
| 2:34 | Create | Villager (Male) |
| 2:34 | Create | Villager (Male) |
| 2:35 | Create | Villager (Male) |
| 3:28 | Create | Villager (Male) |
| 3:29 | Create | Villager (Male) |
| 4:20 | Create | Villager (Male) |
| 4:20 | Create | Villager (Male) |
| 4:21 | Create | Villager (Male) |
| 4:29 | Build | House |
| 4:33 | Create | Villager (Male) |
| 4:33 | Create | Villager (Male) |
| 4:45 | Create | Villager (Male) |
| 4:46 | Create | Villager (Male) |
| 4:46 | Create | Villager (Male) |
| 5:24 | Create | Villager (Male) |
| 5:24 | Create | Villager (Male) |
| 5:24 | Create | Villager (Male) |
| 5:47 | Build | House |
| 5:50 | Create | Villager (Male) |
| 5:51 | Create | Villager (Male) |
| 5:51 | Create | Villager (Male) |
| 6:30 | Build | Lumber Camp |
| 7:38 | Create | Villager (Male) |
| 7:39 | Create | Villager (Male) |
| 7:49 | Build | Mill |
| 8:21 | Create | Villager (Male) |
| 8:22 | Create | Villager (Male) |
| 8:22 | Create | Villager (Male) |
| 8:22 | Create | Villager (Male) |
| 8:23 | Create | Villager (Male) |
| 8:23 | Create | Villager (Male) |
| 8:52 | Build | Mining Camp |
| 9:45 | Build | Farm |
Build order — Lucca
First 150 of 433 actions detected
| 0:02 | Research | Loom |
| 0:03 | Create | Villager (Male) |
| 0:03 | Create | Villager (Male) |
| 0:03 | Create | Villager (Male) |
| 0:05 | Build | House |
| 0:07 | Build | House |
| 0:31 | Create | Villager (Male) |
| 0:32 | Create | Villager (Male) |
| 0:37 | Build | Palisade Wall |
| 1:52 | Create | Villager (Male) |
| 1:52 | Create | Villager (Male) |
| 2:32 | Create | Villager (Male) |
| 3:02 | Create | Villager (Male) |
| 3:11 | Build | Lumber Camp |
| 3:28 | Create | Villager (Male) |
| 3:28 | Create | Villager (Male) |
| 3:50 | Create | Villager (Male) |
| 3:50 | Create | Villager (Male) |
| 4:15 | Create | Villager (Male) |
| 4:15 | Create | Villager (Male) |
| 4:22 | Build | House |
| 4:37 | Create | Villager (Male) |
| 4:38 | Create | Villager (Male) |
| 4:52 | Create | Villager (Male) |
| 4:52 | Create | Villager (Male) |
| 5:20 | Create | Villager (Male) |
| 5:20 | Create | Villager (Male) |
| 5:48 | Build | Dock |
| 5:53 | Create | Villager (Male) |
| 5:53 | Create | Villager (Male) |
| 6:03 | Build | House |
| 6:10 | Create | Villager (Male) |
| 6:11 | Create | Villager (Male) |
| 6:26 | Create | Fishing Ship |
| 6:26 | Create | Fishing Ship |
| 6:35 | Build | House |
| 6:41 | Create | Villager (Male) |
| 6:42 | Create | Villager (Male) |
| 7:05 | Create | Fishing Ship |
| 7:05 | Create | Fishing Ship |
| 7:19 | Create | Villager (Male) |
| 7:19 | Create | Villager (Male) |
| 7:19 | Create | Villager (Male) |
| 7:34 | Create | Fishing Ship |
| 7:43 | Build | House |
| 8:00 | Create | Villager (Male) |
| 8:00 | Create | Villager (Male) |
| 8:00 | Create | Villager (Male) |
| 8:23 | Create | Fishing Ship |
| 8:23 | Create | Fishing Ship |
| 8:46 | Build | Mining Camp |
| 9:05 | Create | Villager (Male) |
| 9:05 | Create | Villager (Male) |
| 9:10 | Research | Double-Bit Axe |
| 9:31 | Build | Mill |
| 9:53 | Create | Fishing Ship |
| 9:54 | Create | Fishing Ship |
| 10:04 | Build | House |
| 10:10 | Create | Villager (Male) |
| 10:39 | Research | Feudal Age |
| 10:39 | Research | Feudal Age |
| 11:01 | Create | Fishing Ship |
| 11:01 | Create | Fishing Ship |
| 11:33 | Create | Villager (Male) |
| 11:33 | Create | Villager (Male) |
| 12:49 | Age | Feudal Age |
| 12:49 | Research | Bow Saw |
| 12:52 | Build | Market |
| 13:00 | Build | Stone Wall |
| 13:05 | Build | Blacksmith |
| 13:08 | Build | Mining Camp |
| 13:27 | Build | Fish Trap |
| 13:41 | Research | Castle Age |
| 13:42 | Research | Castle Age |
| 13:50 | Build | Lumber Camp |
| 14:11 | Build | Fish Trap |
| 14:26 | Build | Fish Trap |
| 14:43 | Build | Fish Trap |
| 14:53 | Build | Fish Trap |
| 15:02 | Build | Fish Trap |
| 15:19 | Build | Fish Trap |
| 15:22 | Build | Fish Trap |
| 15:29 | Build | Outpost |
| 15:39 | Build | House |
| 15:41 | Build | House |
| 15:47 | Research | Wheelbarrow |
| 16:21 | Age | Castle Age |
| 16:24 | Build | Town Center |
| 16:34 | Build | Town Center |
| 16:41 | Build | House |
| 16:53 | Research | Tech 906 |
| 16:54 | Research | Tech 906 |
| 16:55 | Create | Villager (Male) |
| 16:55 | Create | Villager (Male) |
| 17:21 | Research | Gillnets |
| 17:21 | Research | Gillnets |
| 17:39 | Create | Villager (Male) |
| 17:39 | Create | Villager (Male) |
| 17:39 | Create | Villager (Male) |
| 17:46 | Create | Villager (Male) |
| 17:46 | Create | Villager (Male) |
| 17:51 | Create | Fishing Ship |
| 17:51 | Create | Fishing Ship |
| 17:51 | Create | Fishing Ship |
| 18:07 | Build | House |
| 18:08 | Build | House |
| 18:09 | Build | House |
| 18:23 | Build | Farm |
| 18:25 | Build | Farm |
| 18:26 | Build | Farm |
| 18:29 | Build | Farm |
| 18:32 | Create | Villager (Male) |
| 18:32 | Create | Villager (Male) |
| 18:33 | Create | Villager (Male) |
| 18:33 | Create | Villager (Male) |
| 18:41 | Build | Lumber Camp |
| 18:50 | Build | Fish Trap |
| 18:57 | Build | House |
| 18:58 | Build | House |
| 18:59 | Build | House |
| 19:00 | Create | Villager (Male) |
| 19:00 | Create | Villager (Male) |
| 19:00 | Create | Villager (Male) |
| 19:01 | Create | Villager (Male) |
| 19:17 | Build | Fish Trap |
| 19:33 | Build | Town Center |
| 19:37 | Create | Villager (Male) |
| 19:37 | Create | Villager (Male) |
| 19:37 | Create | Villager (Male) |
| 19:38 | Create | Villager (Male) |
| 19:41 | Create | Villager (Male) |
| 19:43 | Create | Fishing Ship |
| 19:43 | Create | Fishing Ship |
| 19:44 | Create | Villager (Male) |
| 19:44 | Create | Villager (Male) |
| 19:45 | Create | Villager (Male) |
| 19:45 | Create | Villager (Male) |
| 19:58 | Build | Fish Trap |
| 19:59 | Create | Villager (Male) |
| 20:00 | Create | Villager (Male) |
| 20:14 | Create | Fishing Ship |
| 20:32 | Build | Town Center |
| 20:39 | Create | Villager (Male) |
| 20:40 | Create | Villager (Male) |
| 20:40 | Create | Villager (Male) |
| 20:40 | Create | Villager (Male) |
| 20:40 | Create | Villager (Male) |
| 20:45 | Build | Fish Trap |
| 20:46 | Research | Horse Collar |
| 20:47 | Research | Horse Collar |
Build order — SoapyVeil6666
114 actions detected in the replay
| 0:08 | Create | Villager (Male) |
| 0:08 | Create | Villager (Male) |
| 0:08 | Create | Villager (Male) |
| 0:08 | Create | Villager (Male) |
| 0:08 | Create | Villager (Male) |
| 0:09 | Create | Villager (Male) |
| 0:09 | Create | Villager (Male) |
| 0:20 | Build | House |
| 1:54 | Build | Palisade Wall |
| 2:01 | Create | Villager (Male) |
| 2:02 | Create | Villager (Male) |
| 2:07 | Build | House |
| 2:46 | Create | Villager (Male) |
| 2:47 | Create | Villager (Male) |
| 2:47 | Create | Villager (Male) |
| 2:51 | Build | House |
| 3:48 | Create | Villager (Male) |
| 4:50 | Create | Villager (Male) |
| 4:50 | Create | Villager (Male) |
| 5:19 | Create | Villager (Male) |
| 6:01 | Create | Villager (Male) |
| 6:01 | Create | Villager (Male) |
| 6:25 | Build | Mill |
| 7:02 | Build | Palisade Wall |
| 8:08 | Create | Villager (Male) |
| 8:09 | Create | Villager (Male) |
| 9:28 | Build | Lumber Camp |
| 9:51 | Build | House |
| 9:56 | Create | Villager (Male) |
| 9:56 | Create | Villager (Male) |
| 9:56 | Create | Villager (Male) |
| 11:46 | Create | Villager (Male) |
| 11:46 | Create | Villager (Male) |
| 12:30 | Research | Feudal Age |
| 14:12 | Build | Mining Camp |
| 14:53 | Create | Villager (Male) |
| 14:53 | Create | Villager (Male) |
| 14:53 | Create | Villager (Male) |
| 14:55 | Create | Villager (Male) |
| 15:37 | Build | Blacksmith |
| 16:00 | Build | House |
| 16:10 | Create | Villager (Male) |
| 16:24 | Build | Mill |
| 16:44 | Build | Market |
| 17:12 | Research | Wheelbarrow |
| 17:53 | Research | Castle Age |
| 17:59 | Build | Mining Camp |
| 19:17 | Research | Double-Bit Axe |
| 19:22 | Research | Gold Mining |
| 19:22 | Research | Stone Mining |
| 20:45 | Build | Monastery |
| 20:48 | Create | Villager (Male) |
| 20:48 | Create | Villager (Male) |
| 21:21 | Create | Villager (Male) |
| 21:21 | Create | Villager (Male) |
| 21:41 | Create | Monk |
| 21:41 | Create | Monk |
| 21:50 | Build | Town Center |
| 21:54 | Create | Villager (Male) |
| 21:56 | Build | Farm |
| 22:10 | Build | House |
| 22:11 | Build | House |
| 22:39 | Create | Monk |
| 22:54 | Create | Villager (Male) |
| 22:55 | Create | Villager (Male) |
| 23:25 | Build | Lumber Camp |
| 23:30 | Create | Villager (Male) |
| 23:30 | Create | Villager (Male) |
| 23:30 | Create | Villager (Male) |
| 23:42 | Build | Farm |
| 23:44 | Build | Farm |
| 23:45 | Build | Farm |
| 23:47 | Build | Farm |
| 23:48 | Build | Farm |
| 23:50 | Build | Farm |
| 23:51 | Build | Farm |
| 23:53 | Build | Farm |
| 24:28 | Build | House |
| 24:29 | Build | House |
| 24:45 | Create | Villager (Male) |
| 24:45 | Create | Villager (Male) |
| 24:46 | Create | Villager (Male) |
| 25:10 | Build | Barracks |
| 25:38 | Create | Villager (Male) |
| 25:38 | Create | Villager (Male) |
| 25:38 | Create | Villager (Male) |
| 25:39 | Create | Villager (Male) |
| 25:40 | Create | Villager (Male) |
| 25:47 | Build | Archery Range |
| 25:52 | Build | Farm |
| 25:53 | Build | Farm |
| 26:10 | Create | Skirmisher |
| 26:10 | Create | Skirmisher |
| 26:11 | Create | Skirmisher |
| 26:11 | Create | Skirmisher |
| 26:11 | Create | Skirmisher |
| 26:11 | Create | Skirmisher |
| 26:12 | Create | Skirmisher |
| 26:12 | Create | Skirmisher |
| 26:12 | Create | Skirmisher |
| 26:33 | Build | Archery Range |
| 26:37 | Create | Villager (Male) |
| 26:39 | Create | Villager (Male) |
| 26:39 | Create | Villager (Male) |
| 26:50 | Build | Farm |
| 27:18 | Create | Cavalry Archer |
| 27:18 | Create | Cavalry Archer |
| 27:19 | Create | Cavalry Archer |
| 27:19 | Create | Cavalry Archer |
| 27:19 | Create | Cavalry Archer |
| 27:19 | Create | Cavalry Archer |
| 27:19 | Create | Cavalry Archer |
| 27:20 | Create | Cavalry Archer |
| 27:20 | Create | Cavalry Archer |
Build order — Ethan
First 150 of 227 actions detected
| 0:03 | Research | Loom |
| 0:03 | Create | Villager (Male) |
| 0:03 | Create | Villager (Male) |
| 0:03 | Create | Villager (Male) |
| 0:04 | Create | Villager (Male) |
| 0:04 | Create | Villager (Male) |
| 0:04 | Create | Villager (Male) |
| 0:12 | Build | House |
| 1:49 | Build | House |
| 1:50 | Build | House |
| 1:51 | Build | House |
| 1:52 | Build | House |
| 1:53 | Build | House |
| 1:56 | Create | Villager (Male) |
| 1:57 | Create | Villager (Male) |
| 2:53 | Create | Villager (Male) |
| 2:54 | Create | Villager (Male) |
| 2:54 | Create | Villager (Male) |
| 4:07 | Create | Villager (Male) |
| 4:07 | Create | Villager (Male) |
| 4:08 | Create | Villager (Male) |
| 4:08 | Create | Villager (Male) |
| 5:14 | Create | Villager (Male) |
| 5:14 | Create | Villager (Male) |
| 5:56 | Create | Villager (Male) |
| 5:56 | Create | Villager (Male) |
| 5:57 | Create | Villager (Male) |
| 6:26 | Create | Villager (Male) |
| 6:26 | Create | Villager (Male) |
| 6:45 | Build | Lumber Camp |
| 7:16 | Create | Villager (Male) |
| 7:16 | Create | Villager (Male) |
| 7:49 | Build | Mill |
| 7:52 | Create | Villager (Male) |
| 7:52 | Create | Villager (Male) |
| 8:13 | Create | Villager (Male) |
| 9:27 | Create | Villager (Male) |
| 9:27 | Create | Villager (Male) |
| 9:41 | Build | Mill |
| 9:59 | Build | Mining Camp |
| 10:11 | Create | Villager (Male) |
| 10:12 | Create | Villager (Male) |
| 10:12 | Create | Villager (Male) |
| 10:12 | Create | Villager (Male) |
| 10:59 | Research | Feudal Age |
| 12:13 | Build | Dock |
| 12:46 | Build | Barracks |
| 13:02 | Create | Fishing Ship |
| 13:02 | Create | Fishing Ship |
| 14:12 | Age | Feudal Age |
| 14:17 | Create | Villager (Male) |
| 14:17 | Create | Villager (Male) |
| 14:31 | Build | Market |
| 14:50 | Build | Blacksmith |
| 15:08 | Build | Lumber Camp |
| 15:45 | Build | Farm |
| 15:49 | Research | Castle Age |
| 16:28 | Build | Lumber Camp |
| 16:45 | Create | Fishing Ship |
| 16:49 | Research | Double-Bit Axe |
| 17:19 | Build | Stone Wall |
| 18:16 | Create | Villager (Male) |
| 18:16 | Create | Villager (Male) |
| 18:17 | Create | Villager (Male) |
| 18:29 | Age | Castle Age |
| 18:32 | Create | Villager (Male) |
| 18:32 | Create | Villager (Male) |
| 18:44 | Build | Town Center |
| 19:07 | Build | Town Center |
| 19:42 | Build | House |
| 19:43 | Build | House |
| 19:45 | Build | House |
| 19:46 | Build | House |
| 19:47 | Build | House |
| 19:49 | Build | House |
| 19:50 | Build | House |
| 20:02 | Build | Farm |
| 20:04 | Build | Farm |
| 20:05 | Build | Farm |
| 20:06 | Build | Farm |
| 20:08 | Build | Farm |
| 20:09 | Build | Farm |
| 20:11 | Build | Farm |
| 20:12 | Build | Farm |
| 20:17 | Build | Farm |
| 20:18 | Build | Farm |
| 20:22 | Create | Villager (Male) |
| 20:23 | Create | Villager (Male) |
| 21:00 | Build | Town Center |
| 21:12 | Create | Villager (Male) |
| 21:12 | Create | Villager (Male) |
| 21:23 | Research | Wheelbarrow |
| 21:44 | Research | Bow Saw |
| 21:46 | Research | Horse Collar |
| 21:50 | Create | Villager (Male) |
| 21:50 | Create | Villager (Male) |
| 21:58 | Build | Monastery |
| 22:15 | Build | Farm |
| 22:16 | Build | Farm |
| 22:25 | Build | Farm |
| 22:28 | Create | Villager (Male) |
| 22:52 | Build | Farm |
| 22:58 | Build | Farm |
| 23:01 | Create | Monk |
| 23:20 | Create | Villager (Male) |
| 23:21 | Create | Villager (Male) |
| 23:21 | Create | Villager (Male) |
| 23:21 | Create | Villager (Male) |
| 23:22 | Create | Villager (Male) |
| 23:22 | Create | Villager (Male) |
| 23:35 | Build | Farm |
| 23:40 | Create | Villager (Male) |
| 23:40 | Create | Villager (Male) |
| 23:57 | Create | Villager (Male) |
| 23:57 | Create | Villager (Male) |
| 23:57 | Create | Villager (Male) |
| 23:57 | Create | Villager (Male) |
| 24:12 | Build | Farm |
| 24:13 | Build | Farm |
| 24:15 | Build | Farm |
| 24:16 | Build | Farm |
| 24:18 | Build | Farm |
| 24:20 | Create | Villager (Male) |
| 24:21 | Create | Villager (Male) |
| 24:21 | Create | Villager (Male) |
| 24:44 | Build | Monastery |
| 24:59 | Build | Lumber Camp |
| 25:28 | Build | University |
| 25:39 | Create | Monk |
| 25:49 | Build | Fish Trap |
| 25:50 | Build | Fish Trap |
| 25:50 | Build | Fish Trap |
| 26:43 | Build | House |
| 26:44 | Build | House |
| 26:45 | Build | House |
| 26:46 | Build | House |
| 26:47 | Build | House |
| 26:48 | Build | House |
| 26:53 | Research | Imperial Age |
| 27:03 | Research | Gold Mining |
| 27:03 | Research | Stone Mining |
| 27:17 | Create | Monk |
| 27:29 | Research | Fortified Wall (upgrade) |
| 27:30 | Research | Ballistics |
| 27:51 | Build | Stone Wall |
| 28:33 | Build | Castle |
| 28:48 | Create | Villager (Male) |
| 28:48 | Create | Villager (Male) |
| 28:49 | Create | Villager (Male) |
| 28:49 | Create | Villager (Male) |
Match timeline
| 0:37 | Lucca · wall_segment Palisade Wall x9 |
| 1:54 | SoapyVeil6666 · wall_segment Palisade Wall x14 |
| 2:11 | Bedgie69 · wall_segment Palisade Wall x11 |
| 3:13 | WalterPFC · wall_segment Palisade Wall x9 |
| 3:50 | AlexanderGr8 · wall_segment Palisade Wall x10 |
| 4:14 | AlexanderGr8 · wall_segment Palisade Wall x13 |
| 5:11 | ashdrewy · wall_segment Palisade Wall x10 |
| 5:48 | Lucca · first_building Dock |
| 5:52 | Ts1ns1n · first_building Dock |
| 6:00 | ashdrewy · wall_segment Palisade Wall x8 |
| 6:18 | WalterPFC · wall_segment Palisade Wall x8 |
| 6:54 | AlexanderGr8 · wall_segment Palisade Wall x11 |
| 6:56 | AlexanderGr8 · wall_segment Palisade Wall x1 |
| 6:57 | AlexanderGr8 · wall_segment Palisade Wall x1 |
| 7:02 | SoapyVeil6666 · wall_segment Palisade Wall x16 |
| 7:28 | AlexanderGr8 · wall_segment Palisade Wall x1 |
| 8:06 | AlexanderGr8 · first_building Dock |
| 10:14 | Bedgie69 · resign |
| 11:35 | WalterPFC · age_up feudal |
| 12:10 | Ts1ns1n · age_up feudal |
| 12:13 | Ethan · first_building Dock |
| 12:46 | Ethan · first_building Barracks |
| 12:49 | Lucca · age_up feudal |
| 13:00 | Lucca · wall_segment Stone Wall x11 |
| 14:03 | AlexanderGr8 · age_up feudal |
| 14:12 | Ethan · age_up feudal |
| 14:16 | WalterPFC · first_building Barracks |
| 14:25 | Ts1ns1n · first_building Barracks |
| 15:21 | ashdrewy · age_up feudal |
| 15:35 | ashdrewy · wall_segment Stone Wall x13 |
| 16:12 | ashdrewy · wall_segment Stone Wall x12 |
| 16:18 | Ts1ns1n · first_building Archery Range |
| 16:21 | Lucca · age_up castle |
| 17:19 | Ethan · wall_segment Stone Wall x11 |
| 17:46 | AlexanderGr8 · age_up castle |
| 17:47 | AlexanderGr8 · first_building Siege Workshop |
| 17:53 | AlexanderGr8 · first_building Monastery |
| 18:28 | ashdrewy · wall_segment Stone Wall x3 |
| 18:29 | Ethan · age_up castle |
| 18:58 | Ethan · first_market_sell 100 wood |
| 18:59 | Ethan · first_market_buy 100 stone |
| 19:07 | AlexanderGr8 · first_building Barracks |
| 19:53 | Ts1ns1n · age_up castle |
| 20:12 | AlexanderGr8 · first_building Archery Range |
| 20:45 | SoapyVeil6666 · first_building Monastery |
| 21:00 | WalterPFC · age_up castle |
| 21:25 | ashdrewy · age_up castle |
| 21:58 | Ethan · first_building Monastery |
| 22:40 | Lucca · first_building Monastery |
| 22:42 | Ts1ns1n · first_building Monastery |
| 23:38 | AlexanderGr8 · age_up imperial |
| 24:34 | ashdrewy · first_market_buy 100 stone |
| 24:41 | ashdrewy · first_building Castle |
| 24:50 | ashdrewy · wall_segment Stone Wall x14 |
| 25:05 | ashdrewy · wall_segment Stone Wall x13 |
| 25:10 | SoapyVeil6666 · first_building Barracks |
| 25:34 | ashdrewy · wall_segment Stone Wall x5 |
| 25:47 | SoapyVeil6666 · first_building Archery Range |
| 25:56 | ashdrewy · first_building Barracks |
| 26:20 | Lucca · first_building Barracks |
| 26:37 | Lucca · first_building Siege Workshop |
| 27:03 | Lucca · first_building Stable |
| 27:47 | WalterPFC · first_building Castle |
| 27:51 | Ethan · wall_segment Stone Wall x11 |
| 27:54 | AlexanderGr8 · first_market_sell 100 food |
| 27:54 | ashdrewy · wall_segment Stone Wall x14 |
| 28:33 | Ethan · first_building Castle |
| 29:01 | Lucca · age_up imperial |
| 29:29 | Ts1ns1n · first_building Castle |
| 29:58 | Ts1ns1n · first_building Siege Workshop |
| 30:03 | Ethan · age_up imperial |
| 30:25 | ashdrewy · wall_segment Stone Wall x9 |
| 30:36 | Ts1ns1n · first_market_sell 500 wood |
| 30:44 | ashdrewy · first_market_sell 100 wood |
| 30:48 | Ethan · wall_segment Stone Wall x6 |
| 30:53 | WalterPFC · first_building Monastery |
| 30:55 | Ethan · first_building Siege Workshop |
| 30:58 | Lucca · first_market_sell 100 food |
| 31:03 | Ethan · first_building Archery Range |
| 31:47 | Ts1ns1n · first_building Stable |
| 32:14 | Ethan · wall_segment Stone Wall x5 |
| 32:26 | Ts1ns1n · age_up imperial |
| 32:51 | Lucca · first_building Castle |
| 33:36 | Ethan · wall_segment Stone Wall x20 |
| 35:08 | WalterPFC · first_market_buy 100 food |
| 36:13 | Ethan · first_building Stable |
[ AI ANALYSIS · 1 CREDIT ]
What really happened in this match?
Wolo.gg analyzes every decision: build order, eco, micro, common mistakes by bracket. Personalized analysis on WhatsApp or Discord in 30 seconds.
Civ guide
Jurchens
Perfil
Jugador #4359949